 Dungeon Crawl Stone Soup version 0.18.1-8-gdd0e5ea (webtiles) character file.

524417 Leszczynek the Executioner (level 25, -4/166 HPs)
             Began as a Tengu Berserker on May 21, 2016.
             Was the Champion of Trog.
             Slain by a spriggan defender
             ... wielding a +0 lajatang of electrocution
             ... led by a spriggan defender
              (15 damage)
             ... on level 3 of the Depths on May 22, 2016.
             The game lasted 02:48:39 (52323 turns).

Leszczynek the Executioner (Tengu Berserker)       Turns: 52323, Time: 02:48:39

Health: -4/166     AC: 41    Str: 31    XL:     25   Next: 40%
Magic:  14/14      EV: 29    Int:  9    God:    Trog [******]
Gold:   3618       SH:  0    Dex: 27    Spells: 0 memorised, 24 levels left

rFire  + + +     SeeInvis +     a - +9 executioner's axe (antimagic)
rCold  . . .     Gourm    .     x - +10 plate armour {MR+}
rNeg   . . .     Faith    .     (shield currently unavailable)
rPois  +         Spirit   .     Y - +2 hat
rElec  .         Dismiss  .     z - +2 cloak {rPois}
rCorr  .         Reflect  .     G - +2 pair of gloves {Str+3}
SustAt .         Harm     .     (boots unavailable)
MR     ++++.                    O - amulet of Suririd {Regen+ Str+2 Dex+4 SInv}
Stlth  ..........               p - +4 ring of protection
                                N - ring "Cusud" {Fragile rF+++ MP+9 EV+3 Str+3}

@: exhausted, very slightly contaminated, regenerating, hasted and slowed,
incredibly resistant to hostile enchantments, extremely unstealthy
A: beak, talons 3, thin skeletal structure 1, agile 1, able to fly 2
a: Fly, Berserk, Trog's Hand, Brothers in Arms, Burn Spellbooks, Renounce
Religion
}: 3/15 runes: decaying, abyssal, gossamer


You were on level 3 of the Depths.
You worshipped Trog.
Trog was exalted by your worship.
You were very hungry.

You visited 8 branches of the dungeon, and saw 43 of its levels.
You visited the Abyss 1 time.
You also visited: Labyrinth and Ossuary.

You collected 6158 gold pieces.
You spent 2540 gold pieces at shops.

Inventory:

Hand Weapons
 a - a +9 antimagic executioner's axe (weapon)
 b - a +7 arbalest of freezing
 c - a +9 executioner's axe of draining
 A - a +8 triple crossbow of flaming
Missiles
 g - 1382 bolts
 o - a throwing net (quivered)
Armour
 x - a +10 plate armour of magic resistance (worn)
 z - a +2 cloak of poison resistance (worn)
 G - a +2 pair of gloves of strength (worn)
 Y - a +2 hat (worn)
Rods
 i - a +4 iron rod (14/14)
   (You found it in a labyrinth)
 u - a +4 rod of clouds (9/9)
   (You took it off a deep elf demonologist on level 3 of the Elven Halls)
Jewellery
 p - a +4 ring of protection (right hand)
 N - the ring "Cusud" (left hand) {Fragile rF+++ MP+9 EV+3 Str+3}
   (You found it on level 3 of the Depths)

   [ring of evasion]

   It affects your evasion (+3).
   It affects your strength (+3).
   It renders you almost immune to fire.
   It affects your magic capacity (+9).
   It will be destroyed if unequipped.
 O - the amulet of Suririd (around neck) {Regen+ Str+2 Dex+4 SInv}
   (You took it off a deep elf elementalist on level 3 of the Elven Halls)

   [amulet of regeneration]

   It affects your strength (+2).
   It affects your dexterity (+4).
   It lets you see invisible.
   It increases your rate of regeneration.
 Q - the macabre finger necklace {rN+}
   (You took it off a minotaur in a labyrinth)

   [amulet of nothing]

   It protects you from negative energy.
 X - an uncursed ring of sustain attributes
Wands
 h - a wand of disintegration (19/24)
 q - a wand of paralysis (6/24)
 B - a wand of teleportation (4/9)
 I - a wand of heal wounds (5/9)
 J - a wand of digging (7/24)
 L - a wand of hasting (5/9)
 T - a wand of acid (6/15)
Scrolls
 d - 2 scrolls of magic mapping
 e - 2 scrolls of holy word
 k - 5 scrolls of fog
 m - 2 scrolls of identify
 r - 2 scrolls of enchant armour
 F - 9 scrolls of blinking
 H - 3 scrolls of silence
 P - 2 scrolls of recharging
 U - 4 scrolls of fear
 W - 16 scrolls of teleportation
 Z - 20 scrolls of remove curse
Potions
 f - 4 potions of ambrosia
 j - 4 potions of cancellation
 s - 21 potions of curing
 t - a potion of haste
 v - 7 potions of might
 w - a potion of resistance
 C - 6 potions of agility
 D - 2 potions of invisibility
 E - 4 potions of cure mutation
Miscellaneous
 M - a sack of spiders
 R - a box of beasts {used: 1}
Comestibles
 l - 6 chunks of flesh
 n - 3 beef jerkies
 y - 22 meat rations
 S - a royal jelly
 V - 18 bread rations


   Skills:
 + Level 19.2 Fighting
 - Level 23.2 Axes
 * Level 20.5 Crossbows
 - Level 8.4 Throwing
 + Level 16.9 Armour
 - Level 17.5 Dodging
 - Level 12.0 Evocations


You had 24 spell levels left.
You didn't know any spells.

Dungeon Overview and Level Annotations

Branches:
Dungeon (15/15)            Temple (0/1) D:6            Lair (8/8) D:8
  Swamp (4/4) Lair:3       Spider (4/4) Lair:4        Slime (0/6) Lair:6
    Orc (2/2) D:11            Elf (3/3) Orc:2        Vaults (4/5) D:14
  Crypt (0/3) Vaults:2     Depths (3/5) D:15

Altars:
Elyvilon
Fedhas
Gozag
Kikubaaqudgha
Makhleb
Pakellas
Trog
Vehumet
Xom
Yredelemnul
The Shining One
Beogh

Shops:
Orc:1 [   Orc:2 ![?(%   Elf:2 }   Vaults:3 *   Depths:3 [

Portals:
Hell: Lair:8 Depths:1 Depths:2 Depths:3
Pandemonium: Depths:3
Ziggurat: Depths:2

Annotations:
D:8 3 exclusions, Blork the orc
D:13 exclusion: obsidian statue
Lair:4 exclusion: downstairs
Lair:5 exclusions: electric eel and 8 more exclusions
Elf:2 3 runed doors


Innate Abilities, Weirdness & Mutations

You have a beak for a mouth.
You have claws for feet.
You can fly continuously.
You have a somewhat thin skeletal structure (Dex +2, Stealth).
You are agile. (Dex +2)


Message History

Drink which item? (? for menu, Esc to quit)
You feel much better. The spriggan rider barely misses you.
The spriggan defender hits you but does no damage.
Unknown command.
You miss the spriggan defender. Your kick misses the spriggan defender.
The spriggan defender is moderately wounded.
The spriggan defender hits you with an uncursed lajatang of electrocution!
You are electrocuted!
* * * LOW HITPOINT WARNING * * *
The spriggan rider hits you from afar with a spear.
* * * LOW HITPOINT WARNING * * *
The spriggan air mage waves its arms in wide circles.
The air twists around and strikes you!
* * * LOW HITPOINT WARNING * * *
You completely miss the spriggan defender.
Your kick misses the spriggan defender. Your peck misses the spriggan defender.
The spriggan defender is moderately wounded.
The spriggan defender hits you but does no damage.
You are electrocuted!
You die...

.#.#.#.#.#.#.#.##..##..##
#.#.#.#.#.#.#.##..##..##
.#.#.#.#.#.#.##..##..##.
#.#.#.#.#.#.##..##..##..
.#.#.#.#.#.##..##..##..#
#!#.#.#.#.##..##..##..#
.#.#.#.#.##..##..##..#
#.#.#.#.##.)##(.##i.#
.#.#.#.#.'.##..†@ii#
####################


You could see a spriggan defender, a spriggan rider and a spriggan air mage.

Vanquished Creatures
  Mara (Spider:4)
  4 juggernauts
  The ghost of inmateoo the Impaler, a veteran HuSk of Ashenzari (Depths:2)
  the Lernaean hydra (Swamp:4)
  2 golden dragons (Depths:3)
  4 caustic shrikes (Depths:2)
  7 tentacled monstrosities
  A lich (Depths:3)
  A titan (Depths:3)
  2 deep elf master archers (Elf:3)
  2 deep elf blademasters
  5 tentacled starspawn (Abyss:3)
  An ancient champion (Vaults:2)
  A thorn hunter (Swamp:3)
  7 sphinxes
  The ghost of Statics the Peltast, an adept FoFi of Okawaru (Depths:2)
  A storm dragon (Vaults:1)
  3 shadow dragons
  Agnes (Elf:1)
  6 tengu reavers
  2 greater nagas (Depths:3)
  A daeva (Abyss:3)
  10 fire giants
  10 vault wardens
  A ghoul (Vaults:2)
  6 frost giants
  8 emperor scorpions
  2 deep elf sorcerers
  2 iron dragons (Depths:2)
  Maud (Lair:3)
  A balrug (Abyss:3)
  A ghost moth (Spider:4)
  A cacodemon (Abyss:3)
  11 ironheart preservers
  A spriggan defender (Depths:3)
  4 deep elf elementalists (Elf:3)
  19 very ugly things
  20 stone giants
  8 deep elf demonologists
  5 vampire knights
  Nessos (Orc:2)
  A black draconian (Abyss:3)
  A salamander stormcaller (Abyss:3)
  6 deep elf annihilators (Elf:3)
  11 spark wasps
  A merfolk javelineer (Depths:3)
  2 eidola (Abyss:3)
  11 ettins
  A crystal guardian (Vaults:3)
  5 fire dragons
  A minotaur (Lab)
  8 deep elf death magi
  5 deep elf high priests
  11 yaktaur captains
  9 vault guards
  13 ogre magi
  Erolcha (D:8)
  2 spriggan air magi
  4 rakshasas
  6 entropy weavers
  7 great orbs of eyes
  2 ghost crabs (Swamp:4)
  2 anacondas (Depths:3)
  A hell beast (Depths:3)
  3 naga warriors (Depths:3)
  14 ice dragons
  26 hydras
  18 centaur warriors
  The ghost of sergedm the Eclecticist, a journeyman DECj of Vehumet (Orc:1)
  2 death knights (Vaults:2)
  6 deep troll shamans
  15 dancing weapons
  2 alligators
  4 orc high priests
  A spriggan berserker (Depths:2)
  2 tengu warriors (Depths:1)
  7 death yaks
  2 deep troll earth magi
  2 vampire magi
  A shock serpent (shapeshifter) (Depths:3)
  4 hell knights (Depths:1)
  Sonja (Lair:4)
  3 iron trolls
  2 sun demons
  11 thrashing horrors (Abyss:3)
  19 deep elf knights
  2 skeletal warriors (Vaults:2)
  5 shadow wraiths
  A spectral emperor scorpion (Spider:4)
  3 wretched stars (Abyss:3)
  An unseen horror (Abyss:3)
  2 spatial maelstroms (Abyss:3)
  4 death scarabs (Spider:4)
  11 deep trolls
  2 spriggan druids (Swamp:3)
  5 wizards
  8 swamp dragons
  5 giant orange brains
  10 deep elf archers
  5 flayed ghosts
  14 ironbrand convokers
  A spectral wolf spider (Spider:4)
  2 lindwurms (Depths:3)
  A swamp dragon (shapeshifter) (Depths:3)
  4 phantasmal warriors
  Pikel (D:7)
  10 orc knights
  3 necromancers
  2 shambling mangroves
  4 hill giants
  2 hornets
  3 wolf spider zombies
  12 orb spiders
  36 deep elf magi
  A mana viper (shapeshifter) (Depths:2)
  9 orc sorcerers
  26 wolf spiders
  4 griffons
  49 ugly things
  A cyclops (shapeshifter) (Vaults:1)
  2 manticores
  2 worldbinders (Abyss:3)
  5 sixfirhies
  7 moths of wrath
  4 cyclopes
  A frost giant zombie (Depths:2)
  A fire giant skeleton (Depths:2)
  10 elephants
  7 guardian serpents (Depths:3)
  4 apocalypse crabs (Abyss:3)
  A naga mage (Depths:3)
  9 black mambas
  2 molten gargoyles (Lair:4)
  5 centaur skeletons
  6 smoke demons
  25 spiny frogs
  3 gargoyles
  An eye of devastation (shapeshifter) (Depths:3)
  A water nymph (shapeshifter) (Abyss:3)
  A shock serpent skeleton (Abyss:3)
  An orange demon (Lair:8)
  12 vault sentinels
  A torpor snail (Spider:4)
  6 large abominations
  5 rime drakes
  3 spectral redbacks (Spider:4)
  A tormentor (Abyss:3)
  6 freezing wraiths
  41 yaktaurs
  3 ice devils (Lair:8)
  2 efreet (Abyss:3)
  A tengu conjurer (Depths:2)
  14 komodo dragons
  8 trolls
  A troll (shapeshifter) (Depths:2)
  28 jumping spiders
  7 demonic crawlers
  4 ancient zymes (Abyss:3)
  6 red devils
  A jumping spider (shapeshifter) (Depths:2)
  3 polar bears
  17 two-headed ogres
  2 queen bees
  3 spectral tarantellas (Spider:4)
  Grinder (D:6)
  7 giant leeches
  6 spectral jumping spiders (Spider:4)
  A tarantella zombie (Spider:4)
  22 blink frogs
  16 bog bodies
  11 raiju (Abyss:3)
  A spectral hornet (Spider:4)
  A harpy skeleton (D:15)
  45 slime creatures
  A hornet zombie (Spider:4)
  2 jumping spider zombies (Spider:4)
  A blink frog (shapeshifter) (Vaults:3)
  5 boulder beetles
  A centaur simulacrum (D:12)
  28 tarantellas
  A redback (shapeshifter) (Vaults:3)
  4 spriggans
  An ettin skeleton (Depths:2)
  3 shadows
  3 vampires
  64 redbacks
  2 ynoxinuls (Abyss:3)
  5 air elementals
  10 water elementals
  5 wraiths
  5 wyverns
  A yak (shapeshifter) (Depths:3)
  85 yaks
  4 fire bats (Abyss:3)
  2 fire elementals
  4 basilisks
  A chaos spawn (Abyss:3)
  A golden eye (shapeshifter) (Vaults:2)
  2 hungry ghosts
  3 neqoxecs
  A steam dragon (D:11)
  A mottled dragon (D:13)
  20 hippogriffs
  56 vampire mosquitoes
  16 swamp worms
  13 insubstantial wisps
  A spatial vortex (Abyss:3)
  15 nagas (Depths:3)
  A soldier ant (shapeshifter) (D:15)
  7 wargs
  A giant eyeball (Depths:2)
  2 soldier ants (D:8)
  18 porcupines
  A porcupine (shapeshifter) (Depths:1)
  19 water moccasins
  18 swamp drakes
  A hell hound (D:14)
  31 orc warriors
  A giant eyeball (shapeshifter) (Vaults:4)
  2 eyes of draining
  An ice beast (D:8)
  3 phantoms
  A sky beast (D:6)
  11 starcursed masses (Abyss:3)
  An ice beast (shapeshifter) (Vaults:4)
  A slave (D:8)
  6 wasps
  3 black bears
  5 necrophages (Lair:6)
  22 centaurs
  2 spriggan simulacra (Depths:2)
  59 ogres
  12 wolves
  5 boggarts (Depths:1)
  20 crocodiles
  11 big kobolds
  3 earth elementals
  4 gnoll sergeants (D:11)
  11 giant frogs
  A wyvern zombie (D:10)
  A wyvern skeleton (D:12)
  7 scorpions
  51 killer bees
  10 wights
  5 electric eels
  9 howler monkeys
  4 lava snakes (Lair:4)
  11 crimson imps
  5 small abominations (Abyss:3)
  4 centaur zombies
  2 giant frog zombies
  2 quasits
  3 jellies
  21 orc wizards
  15 orc priests
  A wyvern simulacrum (D:12)
  A gnoll shaman (D:7)
  8 hounds
  4 iron imps
  4 giant frog skeletons
  7 iguanas
  11 worker ants
  4 sheep (Lair:8)
  A hound skeleton (D:6)
  2 worker ant zombies
  10 gnolls
  25 adders
  50 river rats
  4 shadow imps
  4 white imps
  An ufetubus (D:12)
  An ooze (D:4)
  2 adder skeletons
  5 worms
  3 dart slugs
  8 giant geckos
  76 orcs
  4 giant cockroaches
  4 goblins
  4 hobgoblins
  10 jackals
  22 kobolds
  6 quokkas
  7 ball pythons
  6 bats
  A giant gecko skeleton (D:4)
  3 giant newts
  A quokka skeleton (D:8)
  2 quokka zombies (D:8)
  6 rats
  A crawling corpse (Elf:3)
  5 fungi
  4 plants
  9 starspawn tentacles (Abyss:3)
2185 creatures vanquished.

Vanquished Creatures (collateral kills)
  A golden dragon (Vaults:4)
  A storm dragon (Vaults:4)
  A tengu reaver (Vaults:4)
  A war gargoyle (Vaults:4)
  Snorg (Lair:3)
  A deep elf high priest (Vaults:4)
  An ogre mage (Vaults:1)
  7 death yaks
  4 death scarabs (Spider:4)
  A swamp dragon (Vaults:4)
  An orb spider (Spider:4)
  A mana viper (shapeshifter) (Vaults:4)
  A hornet (Spider:4)
  3 demonic crawlers (Spider:4)
  2 jumping spider zombies (Spider:4)
  2 tarantella zombies (Spider:4)
  A tarantella (Spider:4)
  A redback (Spider:4)
31 creatures vanquished.

Vanquished Creatures (others)
  An ironheart preserver (Vaults:3)
  An ettin (Depths:3)
  A deep elf knight (Elf:2)
  A swamp dragon (Swamp:4)
  A slave (D:8)
  A scorpion (D:6)
  A howler monkey (D:6)
  A lava snake (Lair:4)
  An iguana (D:6)
  A worker ant (D:6)
  An orc (Vaults:3)
  A quokka zombie (D:6)
  A bush (D:13)
  7 fungi
  A lurking horror (Abyss:3)
  13 plants
  11 starspawn tentacles (Abyss:3)
  197 starspawn tentacle segments (Abyss:3)
242 creatures vanquished.

Grand Total: 2458 creatures vanquished

Notes
Turn   | Place    | Note
--------------------------------------------------------------
     0 | D:1      | Leszczynek the Tengu Berserker began the quest for the Orb.
     0 | D:1      | Reached XP level 1. HP: 14/14 MP: 2/2
   248 | D:1      | Reached XP level 2. HP: 16/19 MP: 3/3
   321 | D:1      | Reached skill level 4 in Axes
   348 | D:1      | Found a glowing golden altar of the Shining One.
   675 | D:2      | Reached ** piety under Trog
   691 | D:2      | Reached XP level 3. HP: 23/23 MP: 4/4
   985 | D:2      | Reached skill level 5 in Axes
  1045 | D:2      | Found a faded altar to an unknown god.
  1125 | D:2      | Reached XP level 4. HP: 24/28 MP: 5/5
  1962 | D:3      | Found a glowing golden altar of the Shining One.
  2248 | D:4      | Reached skill level 6 in Axes
  2269 | D:4      | Gained mutation: You can fly. [Tengu growth]
  2269 | D:4      | Reached XP level 5. HP: 32/32 MP: 6/6
  2372 | D:4      | Found a bloodstained altar of Trog.
  2396 | D:4      | HP: 2/32 [hound (4)]
  2401 | D:4      | Reached skill level 7 in Axes
  2401 | D:4      | Reached XP level 6. HP: 8/37 MP: 7/7
  2408 | D:4      | Reached *** piety under Trog
  2658 | D:4      | Reached skill level 8 in Axes
  2744 | D:4      | Reached XP level 7. HP: 41/41 MP: 8/8
  2963 | D:4      | Reached skill level 9 in Axes
  3092 | D:5      | Entered Level 5 of the Dungeon
  3114 | D:5      | Found a blossoming altar of Fedhas.
  3141 | D:5      | You fall through a shaft for 3 floors!
  3406 | D:7      | Reached skill level 10 in Axes
  3458 | D:6      | Reached XP level 8. HP: 43/46 MP: 3/9
  3717 | D:6      | Found a shimmering altar of Xom.
  3782 | D:6      | Found a sand-covered staircase.
  3786 | D:6      | Reached skill level 4 in Fighting
  3796 | D:6      | Reached **** piety under Trog
  3827 | Ossuary  | Entered an ossuary
  3856 | D:6      | Found an oddly glowing altar of Pakellas.
  3901 | D:6      | Reached skill level 5 in Fighting
  4440 | D:5      | Reached skill level 11 in Axes
  4792 | D:6      | Reached XP level 9. HP: 51/54 MP: 10/10
  4808 | D:6      | Found a white marble altar of Elyvilon.
  4808 | D:6      | Noticed Grinder
  4811 | D:6      | Received a gift from Trog
  4815 | D:6      | Killed Grinder
  4870 | D:6      | Found a staircase to the Ecumenical Temple.
  4981 | D:7      | Reached skill level 6 in Fighting
  5111 | D:7      | Reached skill level 12 in Axes
  6101 | D:8      | Noticed Erolcha
  6101 | D:8      | Noticed Pikel
  6106 | D:8      | Killed Erolcha
  6106 | D:8      | Reached skill level 7 in Fighting
  6106 | D:8      | Reached skill level 13 in Axes
  6106 | D:8      | Reached XP level 10. HP: 36/63 MP: 11/11
  6119 | D:7      | Killed Pikel
  6363 | D:8      | Noticed Blork the orc
  6402 | D:8      | Reached ***** piety under Trog
  6469 | D:8      | Received a gift from Trog
  6558 | D:8      | Reached skill level 8 in Fighting
  6751 | D:8      | Reached skill level 14 in Axes
  6834 | D:8      | Reached skill level 3 in Armour
  6916 | D:8      | Found a staircase to the Lair.
  7210 | D:8      | Found a burning altar of Makhleb.
  7497 | D:9      | Reached skill level 3 in Dodging
  7788 | D:9      | Reached skill level 4 in Armour
  7890 | D:9      | Reached skill level 5 in Armour
  7894 | D:9      | Reached skill level 4 in Dodging
  7896 | D:9      | Reached XP level 11. HP: 65/68 MP: 12/12
  8208 | Lair:1   | Entered Level 1 of the Lair of Beasts
  8236 | Lair:1   | Reached skill level 6 in Armour
  8279 | Lair:1   | Noticed a four-headed hydra
  8289 | Lair:1   | Killed a one-headed hydra
  8399 | Lair:1   | Reached skill level 5 in Dodging
  8502 | Lair:1   | Reached skill level 7 in Armour
  8640 | Lair:1   | HP: 6/68 [poisoned by a spiny frog]
  8646 | Lair:1   | HP: 6/68 [poisoned by a spiny frog]
  9328 | Lair:1   | Noticed a seven-headed hydra
  9335 | Lair:1   | Killed a four-headed hydra
  9335 | Lair:1   | Reached skill level 8 in Armour
  9624 | Lair:2   | Reached skill level 6 in Dodging
  9720 | Lair:2   | Found an ancient bone altar of Kikubaaqudgha.
  9989 | Lair:2   | Received a gift from Trog
 10059 | Lair:2   | Reached skill level 15 in Axes
 10342 | Lair:3   | Reached XP level 12. HP: 75/75 MP: 13/13
 10352 | Lair:3   | Reached skill level 9 in Fighting
 10361 | Lair:3   | Reached skill level 7 in Dodging
 10524 | Lair:3   | Found a staircase to the Swamp.
 10544 | Lair:3   | Noticed Snorg
 10556 | Lair:3   | Killed Snorg
 10640 | Lair:3   | Noticed a six-headed hydra
 10649 | Lair:3   | Killed a nine-headed hydra
 10688 | Lair:3   | Noticed Maud
 10697 | Lair:3   | Killed Maud
 11135 | Lair:4   | Reached skill level 16 in Axes
 11282 | Lair:4   | Reached skill level 8 in Dodging
 11299 | Lair:4   | Found a hole to the Spider Nest.
 11394 | Lair:4   | Reached skill level 10 in Fighting
 11584 | Lair:4   | Noticed Sonja
 11601 | Lair:4   | Killed Sonja
 11672 | Lair:4   | Received a gift from Trog
 11699 | Lair:4   | Reached XP level 13. HP: 82/82 MP: 14/14
 11862 | Lair:4   | Reached skill level 9 in Dodging
 12309 | Lair:5   | Received a gift from Trog
 12768 | Lair:5   | Reached skill level 17 in Axes
 12921 | Lair:5   | Reached skill level 9 in Armour
 13531 | Lair:6   | Reached skill level 11 in Fighting
 13803 | Lair:6   | Reached skill level 18 in Axes
 13803 | Lair:6   | Reached skill level 10 in Armour
 13883 | Lair:6   | Found a staircase to the Slime Pits.
 14144 | Lair:6   | Gained mutation: You can fly continuously. [Tengu growth]
 14144 | Lair:6   | Reached XP level 14. HP: 90/90 MP: 15/15
 14277 | Lair:7   | Received a gift from Trog
 14314 | Lair:7   | >+9
 14314 | Lair:7   | >exec axe
 14314 | Lair:7   | okay
 14595 | Lair:7   | Found a labyrinth entrance.
 14604 | Lab      | Entered a labyrinth
 14811 | Lab      | >wand of heal wounds
 14811 | Lab      | gg
 15294 | Lair:8   | Entered Level 8 of the Lair of Beasts
 15309 | Lair:8   | Reached skill level 1 in Throwing
 15613 | Lair:8   | Reached skill level 12 in Fighting
 15644 | Lair:8   | Reached skill level 2 in Throwing
 15654 | Lair:8   | Reached skill level 19 in Axes
 15724 | Lair:8   | Received a gift from Trog
 15771 | Lair:8   | Reached skill level 3 in Throwing
 16089 | Lair:8   | Reached ****** piety under Trog
 16285 | Lair:8   | Found a burning altar of Makhleb.
 16557 | Lair:8   | Reached skill level 4 in Throwing
 16579 | Lair:8   | Reached XP level 15. HP: 96/96 MP: 16/16
 16637 | Lair:8   | Received a gift from Trog
 16643 | Lair:8   | Got a faintly glowing executioner's axe {god gift}
 16645 | Lair:8   | 3rd exec axe already
 16645 | Lair:8   | jesus
 16660 | Lair:8   | Found a gateway to Hell.
 16677 | Lair:8   | and a triple sword is here
 17092 | D:10     | Entered Level 10 of the Dungeon
 17092 | D:10     | Found an opulent altar of Gozag.
 18020 | D:11     | Found a staircase to the Orcish Mines.
 18047 | D:11     | Reached skill level 10 in Dodging
 18052 | D:11     | Reached skill level 5 in Throwing
 18469 | Orc:1    | Entered Level 1 of the Orcish Mines
 18489 | Orc:1    | Found Tufiji's Armour Shoppe.
 18529 | Orc:2    | Entered Level 2 of the Orcish Mines
 18529 | Orc:2    | Found a roughly hewn altar of Beogh.
 18539 | Orc:2    | Received a gift from Trog
 18548 | Orc:2    | Found a staircase to the Elven Halls.
 18563 | Orc:1    | Noticed sergedm's ghost (journeyman DECj)
 18573 | Orc:1    | Killed sergedm's ghost
 18810 | Orc:1    | Reached skill level 20 in Axes
 19044 | Orc:2    | Found Romudgho's Food Shop.
 19053 | Orc:2    | Noticed Nessos
 19093 | Orc:2    | Killed Nessos
 19245 | Orc:2    | Received a gift from Trog
 19245 | Orc:2    | Reached skill level 1 in Evocations
 19499 | Orc:2    | Reached skill level 6 in Throwing
 19499 | Orc:2    | Reached skill level 2 in Evocations
 19763 | Orc:2    | Reached skill level 3 in Evocations
 20056 | Orc:2    | Reached skill level 4 in Evocations
 20067 | Orc:2    | Found Utaicysk's Antique Weapon Emporium.
 20071 | Orc:2    | Found Qyuwe's Magic Scroll Shop.
 20076 | Orc:2    | Found Codazil's Antique Armour Shop.
 20080 | Orc:2    | Received a gift from Trog
 20091 | Orc:2    | Found Erosse Hiff's Distillery.
 20130 | Orc:2    | Bought a scroll of identify for 24 gold pieces
 20130 | Orc:2    | Bought a scroll of identify for 24 gold pieces
 20130 | Orc:2    | Bought a scroll of teleportation for 36 gold pieces
 20130 | Orc:2    | Bought a scroll of identify for 24 gold pieces
 20132 | Orc:2    | Bought a glowing arbalest for 117 gold pieces
 20164 | Orc:2    | Bought a potion of curing for 48 gold pieces
 20164 | Orc:2    | Bought a potion of might for 64 gold pieces
 20207 | Orc:1    | Bought a +0 pair of gloves for 58 gold pieces
 20437 | D:12     | Reached skill level 5 in Evocations
 20883 | D:12     | Reached skill level 7 in Throwing
 21222 | D:13     | Received a gift from Trog
 21324 | D:13     | Reached skill level 6 in Evocations
 21330 | D:13     | Reached XP level 16. HP: 90/103 MP: 21/21
 21421 | D:13     | Identified the +7 executioner's axe of Heejykk {venom, Int+2 Dex+4 SInv} (Trog gifted it to you on level 8 of the Lair of Beasts)
 22295 | D:14     | Received a gift from Trog
 22303 | D:14     | Reached skill level 7 in Evocations
 22809 | D:14     | Found a gate to the Vaults.
 22813 | D:14     | Reached skill level 8 in Evocations
 23014 | D:15     | Entered Level 15 of the Dungeon
 23023 | D:15     | Reached skill level 8 in Throwing
 23289 | D:15     | Found a basalt altar of Yredelemnul.
 23597 | D:15     | Reached skill level 13 in Fighting
 23658 | D:15     | Reached skill level 9 in Evocations
 23729 | D:15     | Found a staircase to the Depths.
 23731 | D:15     | Received a gift from Trog
 24298 | Swamp:1  | Entered Level 1 of the Swamp
 24554 | Swamp:1  | Reached skill level 11 in Armour
 25009 | Swamp:2  | Reached skill level 10 in Evocations
 25646 | Swamp:3  | Reached XP level 17. HP: 109/109 MP: 25/25
 25685 | Swamp:3  | Received a gift from Trog
 25965 | Swamp:3  | Reached skill level 1 in Crossbows
 26415 | Swamp:4  | Entered Level 4 of the Swamp
 26590 | Swamp:4  | Reached skill level 2 in Crossbows
 26590 | Swamp:4  | Reached skill level 11 in Evocations
 26709 | Swamp:4  | Noticed the 27-headed Lernaean hydra
 26797 | Swamp:4  | okay, i can't just tab lerny, obviously
 27055 | Swamp:4  | Reached skill level 14 in Fighting
 27055 | Swamp:4  | Reached skill level 3 in Crossbows
 27094 | Swamp:4  | Gained mutation: You have a somewhat thin skeletal structure (Dex +2, Stealth). [potion of beneficial mutation]
 27220 | Swamp:4  | Received a gift from Trog
 27656 | Swamp:4  | Killed the 27-headed Lernaean hydra
 27656 | Swamp:4  | Reached skill level 4 in Crossbows
 27686 | Swamp:4  | Got a decaying rune of Zot
 27776 | Swamp:1  | Received a gift from Trog
 27933 | Spider:1 | Entered Level 1 of the Spider Nest
 28146 | Spider:1 | Gained mutation: You are agile. (Dex +2) [potion of beneficial mutation]
 28224 | Spider:1 | Received a gift from Trog
 28862 | Spider:2 | Reached skill level 11 in Dodging
 29600 | Spider:3 | Reached XP level 18. HP: 116/116 MP: 27/27
 29628 | Spider:3 | Received a gift from Trog
 29744 | Spider:3 | Reached skill level 12 in Evocations
 30111 | Spider:3 | Reached skill level 5 in Crossbows
 30489 | Spider:4 | Entered Level 4 of the Spider Nest
 30521 | Spider:4 | Reached skill level 21 in Axes
 30706 | Spider:4 | Noticed Mara
 30706 | Spider:4 | Received a gift from Trog
 30708 | Spider:4 | Noticed Leszczynek's illusion
 30854 | Spider:4 | Noticed Leszczynek's illusion
 30858 | Spider:4 | Killed Mara
 30858 | Spider:4 | Reached skill level 6 in Crossbows
 31062 | Spider:4 | Reached skill level 12 in Armour
 31375 | Spider:4 | Reached skill level 7 in Crossbows
 31904 | Spider:4 | Received a gift from Trog
 32105 | Spider:4 | Reached XP level 19. HP: 117/121 MP: 29/29
 32130 | Spider:4 | Got a gossamer rune of Zot
 32219 | Spider:4 | Reached skill level 8 in Crossbows
 32224 | Spider:4 | no rF+ or rC+ ANYWHERE IN THE GAME SO FAR
 32653 | Vaults:1 | Entered Level 1 of the Vaults
 32702 | Vaults:1 | Received a gift from Trog
 32750 | Vaults:1 | Reached skill level 22 in Axes
 33817 | Vaults:1 | Reached skill level 12 in Dodging
 34166 | Vaults:1 | Reached skill level 9 in Crossbows
 34314 | Vaults:1 | Received a gift from Trog
 34896 | Vaults:2 | Received a gift from Trog
 35405 | Vaults:2 | Reached skill level 10 in Crossbows
 35488 | Vaults:2 | Reached XP level 20. HP: 128/128 MP: 30/30
 35540 | Vaults:2 | Found a staircase to the Crypt.
 35786 | Vaults:2 | Reached skill level 23 in Axes
 36167 | Vaults:3 | Reached skill level 15 in Fighting
 36460 | Vaults:3 | Received a gift from Trog
 36728 | Vaults:3 | Reached skill level 11 in Crossbows
 36736 | Vaults:3 | Reached skill level 13 in Armour
 37238 | Vaults:3 | Found Giefut's Assorted Antiques.
 37246 | Vaults:3 | Bought a scroll of teleportation for 75 gold pieces
 37246 | Vaults:3 | Bought a box of beasts for 500 gold pieces
 37246 | Vaults:3 | Bought a potion of curing for 75 gold pieces
 37246 | Vaults:3 | Bought a scroll of recharging for 237 gold pieces
 37297 | Vaults:3 | Received a gift from Trog
 37536 | Vaults:3 | Received a gift from Trog
 37604 | Vaults:3 | Reached skill level 13 in Dodging
 38147 | Vaults:4 | Reached skill level 16 in Fighting
 38221 | Vaults:4 | Reached XP level 21. HP: 136/136 MP: 31/31
 38237 | Vaults:4 | Reached skill level 12 in Crossbows
 38782 | Vaults:4 | Reached skill level 14 in Dodging
 38845 | Vaults:4 | Received a gift from Trog
 38909 | Vaults:4 | Noticed a golden dragon
 38910 | Vaults:4 | oh god
 38916 | Vaults:4 | Killed a golden dragon
 40212 | Vaults:4 | no. resistances.
 40482 | Elf:1    | Entered Level 1 of the Elven Halls
 40530 | Elf:1    | Found a radiant altar of Vehumet.
 40541 | Elf:1    | Reached skill level 15 in Dodging
 40573 | Elf:1    | Received a gift from Trog
 40665 | Elf:1    | Reached skill level 13 in Crossbows
 40801 | Elf:1    | Noticed Agnes
 40807 | Elf:1    | Cast into level 2 of the Abyss (Agnes)
 40838 | Abyss:3  | agnes with distortion weapon
 40838 | Abyss:3  | that's just cheating
 41044 | Abyss:3  | Found a corrupted altar of Lugonu.
 41297 | Abyss:3  | Received a gift from Trog
 41319 | Abyss:3  | Reached skill level 16 in Dodging
 41340 | Abyss:3  | Reached XP level 22. HP: 54/144 MP: 10/32
 41649 | Abyss:3  | Reached skill level 14 in Crossbows
 41672 | Abyss:3  | Got an abyssal rune of Zot
 42181 | Elf:1    | Escaped the Abyss
 42185 | Elf:1    | Killed Agnes
 42185 | Elf:1    | Reached skill level 17 in Dodging
 42744 | Elf:1    | Received a gift from Trog
 43021 | Elf:1    | Received a gift from Trog
 43206 | Elf:2    | Found Touhy's Gadget Shop.
 43209 | Elf:2    | Bought a wand of hasting (5/9) for 918 gold pieces
 43209 | Elf:2    | wand of hasting baby
 43213 | Elf:2    | Bought a sack of spiders for 340 gold pieces
 43264 | Elf:2    | Received a gift from Trog
 43441 | Elf:2    | Found a runed gate.
 43441 | Elf:2    | Found a runed gate.
 43443 | Elf:2    | Found a runed gate.
 43495 | Elf:2    | Identified a scroll of acquirement
 43715 | Elf:3    | Entered Level 3 of the Elven Halls
 44534 | Elf:3    | Reached skill level 15 in Crossbows
 45122 | Elf:3    | Reached skill level 17 in Fighting
 45177 | Elf:3    | Received a gift from Trog
 45183 | Elf:3    | Identified a +4 rod of clouds (9/9) (You took it off a deep elf demonologist on level 3 of the Elven Halls)
 45201 | Elf:3    | Got a twitching sapphire amulet
 45241 | Elf:3    | Reached XP level 23. HP: 123/149 MP: 11/33
 45414 | Elf:3    | Got a clouded ivory amulet
 45415 | Elf:3    | Identified the amulet of Geretot {rN+ MR- Regen+ Int+4 Dex+9} (You took it off a deep elf annihilator on level 3 of the Elven Halls)
 45416 | Elf:3    | Identified the amulet of Suririd {Regen+ Str+2 Dex+4 SInv} (You took it off a deep elf elementalist on level 3 of the Elven Halls)
 45424 | Elf:3    | MR- is unacceptable
 45424 | Elf:3    | even with trog
 45679 | Elf:3    | Got a dazzling ring mail
 45680 | Elf:3    | Identified the +1 ring mail of Wasted Space {Str+4} (You found it on level 3 of the Elven Halls)
 45686 | Elf:3    | wasted space indeed
 45686 | Elf:3    | still no resistances
 45756 | Elf:3    | Got a spiked chain mail
 45757 | Elf:3    | Identified the +6 chain mail "Ytassiu" {Dex+4} (You took it off a deep elf high priest on level 3 of the Elven Halls)
 45776 | Elf:3    | Got a smelly ring mail
 45777 | Elf:3    | Identified the +2 ring mail "Toeskehyss" {rPois rF- MR+ Int+4} (You took it off a deep elf high priest on level 3 of the Elven Halls)
 45778 | Elf:3    | rF-
 45778 | Elf:3    | wew lad
 46049 | Depths:1 | Entered Level 1 of the Depths
 46060 | Depths:1 | Received a gift from Trog
 46067 | Depths:1 | Reached skill level 16 in Crossbows
 46281 | Depths:1 | Reached skill level 14 in Armour
 46978 | Depths:1 | Received a gift from Trog
 47653 | Depths:2 | Noticed inmateoo's ghost (veteran HuSk)
 47967 | Depths:2 | Killed inmateoo's ghost
 48202 | Depths:2 | Reached skill level 17 in Crossbows
 48315 | Depths:2 | Paralysed by a giant eyeball for 2 turns
 48354 | Depths:2 | Noticed Statics's ghost (adept FoFi)
 48370 | Depths:2 | Killed Statics's ghost
 48893 | Depths:2 | Found a gateway to a ziggurat.
 49060 | Depths:2 | Reached skill level 15 in Armour
 49064 | Depths:2 | Received a gift from Trog
 49064 | Depths:2 | Reached skill level 18 in Fighting
 49344 | Depths:2 | Received a gift from Trog
 49344 | Depths:2 | Reached XP level 24. HP: 157/157 MP: 11/33
 49500 | Depths:2 | Noticed a caustic shrike
 49516 | Depths:2 | Killed a caustic shrike
 49517 | Depths:2 | Noticed a caustic shrike
 49521 | Depths:2 | Noticed a caustic shrike
 49526 | Depths:2 | Killed a caustic shrike
 49526 | Depths:2 | Reached skill level 18 in Crossbows
 49528 | Depths:2 | Killed a caustic shrike
 49529 | Depths:2 | Noticed a caustic shrike
 49535 | Depths:2 | Killed a caustic shrike
 49571 | Depths:2 | so i heard you like fighting caustic shrike packs without rcorr :D :D :D
 49906 | Depths:2 | Noticed a juggernaut
 49923 | Depths:2 | Killed a juggernaut
 50259 | Depths:2 | the rewards in this vault are astounding
 50265 | Depths:3 | Found Waimpeo's Armour Emporium.
 50341 | Depths:3 | Noticed a juggernaut
 50359 | Depths:3 | Reached skill level 19 in Crossbows
 50368 | Depths:3 | Killed a juggernaut
 50368 | Depths:3 | Reached skill level 16 in Armour
 50729 | Depths:3 | Noticed a juggernaut
 50744 | Depths:3 | Killed a juggernaut
 50766 | Depths:3 | Received a gift from Trog
 51080 | Depths:3 | Reached XP level 25. HP: 150/164 MP: 11/33
 51563 | Depths:3 | Reached skill level 19 in Fighting
 51594 | Depths:3 | Reached skill level 20 in Crossbows
 51712 | Depths:3 | Got a bound amber ring
 51713 | Depths:3 | Identified the ring "Cusud" {Fragile rF+++ MP+9 EV+3 Str+3} (You found it on level 3 of the Depths)
 51714 | Depths:3 | WOW HOLY SHIT
 51714 | Depths:3 | no really
 51714 | Depths:3 | i can finish the game with this MAYBE
 51805 | Depths:3 | Received a gift from Trog
 51916 | Depths:3 | Found a one-way gate leading to the halls of Pandemonium.
 52289 | Depths:3 | Noticed a juggernaut
 52316 | Depths:3 | Killed a juggernaut
 52322 | Depths:3 | HP: 10/166 [spriggan air mage/the air[a spriggan defender] (22)]
 52323 | Depths:3 | Slain by a spriggan defender

Skill      XL: |  1  2  3  4  5  6  7  8  9 10 11 12 13 14 15 16 17 18 19 20 21 22 23 24 25 |
---------------+----------------------------------------------------------------------------+-----
Axes           | 4 5 6 7 8 10 11 13 14 15 16 18 19 20 21 22 23 | 23.2
Fighting       | 5 7 8 10 11 12 13 14 16 17 18 19 | 19.2
Armour         | 5 8 10 11 12 13 15 16 | 16.9
Dodging        | 4 6 8 9 10 11 12 13 16 17 | 17.5
Throwing       | 4 7 8 |  8.4
Evocations     | 6 10 11 12 | 12.0
Crossbows      | 4 7 10 11 13 15 17 19 20 | 20.5

Action                   |  1- 3 |  4- 6 |  7- 9 | 10-12 | 13-15 | 16-18 | 19-21 | 22-24 | 25-27 || total
-------------------------+-------+-------+-------+-------+-------+-------+-------+-------+-------++-------
Melee: Hand axe          |    67 |    90 |   143 |       |       |       |       |       |       ||   300
       Peck              |    15 |    15 |    57 |   111 |   249 |   343 |   344 |   344 |    68 ||  1546
       Kick              |    19 |    19 |    99 |   142 |   399 |   522 |   516 |   539 |   100 ||  2355
       War axe           |       |       |   160 |   278 |       |       |       |       |       ||   438
       Battleaxe         |       |       |       |   163 |   857 |       |       |       |       ||  1020
       Executioner's axe |       |       |       |       |   290 |  1309 |  1175 |  1092 |   184 ||  4050
 Fire: Triple crossbow   |       |       |       |       |       |       |     4 |       |       ||     4
       Arbalest          |       |       |       |       |       |       |    13 |   264 |    22 ||   299
Throw: Javelin           |       |       |       |       |       |    10 |     6 |       |       ||    16
Invok: Berserk           |     2 |     6 |    12 |    13 |    14 |    11 |    17 |    12 |     1 ||    88
       Trog's Hand       |       |     1 |     2 |     2 |    10 |     2 |    11 |    10 |     1 ||    39
       Burn Spellbooks   |       |     1 |     1 |     1 |       |       |       |       |       ||     3
       Brothers in Arms  |       |       |       |     2 |     3 |     4 |     2 |       |       ||    11
 Abil: Fly               |       |       |       |       |     1 |       |       |       |       ||     1
       Stop Flying       |       |       |       |       |       |       |       |       |     1 ||     1
Evoke: Wand              |       |       |       |     3 |     4 |       |     3 |     4 |       ||    14
       Rod               |       |       |       |       |       |    13 |     1 |       |       ||    14
       Lamp of fire      |       |       |       |       |       |       |     2 |       |       ||     2
       Box of beasts     |       |       |       |       |       |       |     1 |       |       ||     1
  Use: Potion            |       |     3 |     2 |     2 |       |     8 |     2 |     5 |     2 ||    24
       Scroll            |       |     1 |     8 |    13 |    20 |    22 |     6 |    14 |     1 ||    85
 Stab: Sleeping          |       |     2 |     2 |       |       |       |       |       |       ||     4
       Distracted        |       |       |       |       |     1 |       |       |     1 |       ||     2
       Invisible         |       |       |       |       |       |    11 |       |       |       ||    11
       Paralysed         |       |       |       |       |       |       |     1 |       |       ||     1
       Petrifying        |       |       |       |       |       |       |       |     3 |       ||     3
  Eat: Chunk             |     3 |    10 |    18 |    24 |    44 |    27 |    41 |    35 |     3 ||   205
       Beef jerky        |       |     1 |       |     3 |     1 |     2 |     1 |     1 |       ||     9
       Fruit             |       |       |     3 |     9 |       |     9 |       |     5 |       ||    26
       Pizza             |       |       |     1 |       |     2 |     3 |     1 |       |     1 ||     8
       Royal jelly       |       |       |       |     1 |     3 |     5 |     3 |     2 |       ||    14
Armor: Ring mail         |    25 |    46 |    47 |       |       |       |       |       |       ||   118
       Plate armour      |       |       |    79 |   230 |   644 |  1039 |   493 |   521 |    73 ||  3079
Dodge: Dodged            |    35 |    60 |   123 |   199 |   625 |  1380 |   769 |  1116 |   218 ||  4525
